 Dungeon Crawl Stone Soup version 0.28.0-43-g3370ac3207 (webtiles) character file.

Game seed: 8183889780717817917

11807 protoss039 the Thaumaturge (level 11, -11/64 HPs)
             Began as a Deep Elf Air Elementalist on Mar 21, 2022.
             Was an Elder of Sif Muna.
             Mangled by Snorg (23 damage)
             ... on level 11 of the Dungeon on Mar 22, 2022.
             The game lasted 00:35:07 (16151 turns).

protoss039 the Thaumaturge (DEAE)                  Turns: 16151, Time: 00:35:07

Health: -11/64     AC:  7    Str:  5    XL:     11   Next: 54%
Magic:  19/39      EV: 13    Int: 25    God:    Sif Muna [****..]
Gold:   570        SH:  0    Dex: 15    Spells: 23/36 levels left

rFire   . . .      SeeInvis .   e - staff of air
rCold   . . .      Faith    .   (no shield)
rNeg    . . .      Spirit   .   B - +0 steam dragon scales
rPois   .          Reflect  .   l - +0 helmet
rElec   +          Harm     .   y - scarf {repulsion}
rCorr   .          Rampage  .   m - +0 pair of gloves
Will    +....                   (no boots)
Stlth   ++........              (no amulet)
HPRegen 0.20/turn               F - ring of wizardry
MPRegen 0.26/turn               L - ring of magical power

@: about to teleport, repel missiles
A: no striking features
a: Renounce Religion, Channel Magic, Forget Spell, Divine Exegesis


You were on level 11 of the Dungeon.
You worshipped Sif Muna.
Sif Muna was greatly pleased with you.
You visited 1 branch of the dungeon, and saw 11 of its levels.

You collected 600 gold pieces.
You spent 30 gold pieces at shops.

Inventory:

Hand Weapons
 D - a +2 hand axe of flaming
Missiles
 v - 2 throwing nets
Armour
 l - a +0 helmet (worn)
 m - a +0 pair of gloves (worn)
 s - a +0 cloak
 y - a scarf of repulsion (worn)
 B - +0 steam dragon scales (worn)
Magical Staves
 c - a staff of fire
 e - a staff of air (weapon)
 n - a staff of conjuration
 M - a staff of cold
Jewellery
 r - a +6 ring of strength
 F - a ring of wizardry (left hand)
 L - a ring of magical power (right hand)
Wands
 u - a wand of polymorph (5)
 E - a wand of iceblast (5)
 G - a wand of mindburst (45)
 K - a wand of flame (22)
Scrolls
 d - 2 scrolls of amnesia {unknown}
 g - a scroll of summoning {unknown}
 i - a scroll of enchant armour {unknown}
 j - a scroll of identify
 k - 3 scrolls of teleportation
 o - a scroll of holy word {unknown}
 p - a scroll of torment {unknown}
 q - a scroll of vulnerability {unknown}
 H - a scroll of immolation {unknown}
 I - 2 scrolls of fog {unknown}
 J - 2 scrolls of magic mapping {unknown}
 N - a scroll of enchant weapon {unknown}
Potions
 a - a potion of flight {unknown}
 b - a potion of curing
 f - 5 potions of lignification
 h - 4 potions of mutation
 t - a potion of resistance {unknown}
 x - 2 potions of might
 z - a potion of brilliance
 A - a potion of magic {unknown}
 C - a potion of cancellation


   Skills:
 * Level 5.6 Fighting
 - Level 3.0 Dodging
 - Level 3.0 Stealth
 + Level 13.1 Spellcasting
 + Level 8.2 Conjurations
 + Level 9.6 Air Magic
 - Level 3.0 Poison Magic
 * Level 7.7 Invocations


You had 23 spell levels left.
You knew the following spells:

 Your Spells              Type           Power      Damage    Failure   Level
a - Shock                 Conj/Air       100%       1d9       1%          1
b - Static Discharge      Conj/Air       75%        N/A       1%          2
c - Swiftness             Air            77%        N/A       1%          3
d - Airstrike             Air            38%        N/A       1%          4
e - Mephitic Cloud        Conj/Pois/Air  67%        N/A       1%          3

Your spell library contained the following spells:

 Spells                   Type           Power      Damage    Failure   Level
 Beastly Appendage        Tmut           32%        N/A       1%          1
 Magic Dart               Conj           100%       1d8       1%          1
 Conjure Flame            Conj/Fire      37%        6-21      1%          3
 Call Imp                 Summ           16%        N/A       2%          2
 Sublimation of Blood     Necr           16%        N/A       2%          2
 Wereblood                Tmut           16%        N/A       2%          2
 Ignite Poison            Fire/Tmut/Pois 21%        N/A       2%          3
 Spider Form              Tmut/Pois      23%        N/A       2%          3
 Sticky Flame             Conj/Fire      37%        2d6       2%          4
 Dispel Undead            Necr           16%        3d10      14%         4
 Summon Hydra             Summ           8%         N/A       100%        7


Dungeon Overview and Level Annotations

Branches:
Dungeon (11/15)            Temple (0/1) D:6
   Lair: D:8-11         Orc: D:9-12

Altars:
Ashenzari
Elyvilon
Hepliaklqana
Kikubaaqudgha
Nemelex Xobeh
Okawaru
Sif Muna
Trog
Uskayaw
Yredelemnul
Zin
The Shining One

Shops:
D:4 ?

Annotations:
D:11 Erica, Maurice, Snorg


Message History

Confirm with . or Enter, or press ? or * to list all spells.
You feel a surge of power!
Some blue arcs ground themselves harmlessly.
Unknown command.
Casting: Static Discharge (safe; 1% risk of failure)
Confirm with . or Enter, or press ? or * to list all spells.
Aiming: Airstrike (safe; 1% risk of failure)
Press: ? - help, Dir - move target, f/p - Snorg
Aim: Snorg (heavily wounded, berserk, empty space bonus: 5/8)
You feel a surge of power!
The air twists around and strikes Snorg!
Snorg is heavily wounded.
Snorg bites you!! Snorg claws you but does no damage. Snorg misses you.
Snorg barely misses you. x2; Snorg misses you.
Casting: Airstrike (safe; 1% risk of failure)
Confirm with . or Enter, or press ? or * to list all spells.
You feel a surge of power!
Snorg is struck by an arc of lightning.
Snorg is heavily wounded.
The lightning grounds out.
Snorg bites you! Snorg completely misses you.
Snorg claws you but does no damage.
Unknown command.
Unknown command.
Casting: Static Discharge (safe; 1% risk of failure)
Confirm with . or Enter, or press ? or * to list all spells.
You feel a surge of power!
Snorg is struck by an arc of lightning!
Snorg is severely wounded.
You resist.
You are struck by an arc of lightning.
Snorg is struck by an arc of lightning.
Snorg is severely wounded.
You resist.
You are struck by an arc of lightning.
The lightning grounds out.
Snorg bites you. Snorg claws you!
* * * LOW HITPOINT WARNING * * *
Snorg claws you but does no damage. Snorg closely misses you.
Snorg barely misses you. Snorg claws you but does no damage.
Unknown command.
Unknown command.
Unknown command.
As you read the scroll of teleportation, it crumbles to dust.
You feel strangely unstable. Snorg bites you!!
You die...

### #.<.## ##.# ##......
#..## ##....... #...####
##...##... ##...##.#
#.........
#.......###.........
##.......#....#.....
#.............#.....
###@....##....#.....
#...T.................
#.....................
#..##.................
####.. #.................
##.....###......####......
.....##........## ##.##..
................###..####
........÷.÷....#.#......


You could see Snorg (berserk).

Vanquished Creatures
  A two-headed ogre (D:7)
  Pikel (D:6)
  A cyclops (D:11)
  Joseph (D:7)
  A gargoyle (D:11)
  An unseen horror (D:10)
  Maggie (D:6)
  A troll (D:10)
  2 hornets
  Grinder (D:4)
  Sigmund (D:4)
  A wyvern (D:10)
  24 yaks
  2 wraiths (D:11)
  2 steam dragons
  Eustachio (D:6)
  A basilisk (D:10)
  2 acid dragons
  4 orc warriors
  An ice beast (D:5)
  3 black bears
  2 necrophages (D:6)
  3 centaurs
  5 kobold brigands
  3 lemures (D:6)
  Blork the orc (D:4)
  3 bullfrogs
  A scorpion (D:6)
  2 water moccasin zombies (D:5)
  4 wights (D:10)
  2 howler monkeys
  3 centaur zombies
  3 jellies
  A centaur skeleton (D:5)
  7 hounds
  3 orc priests
  Crazy Yiuf (D:3)
  3 bullfrog skeletons (D:6)
  5 iguanas
  Natasha (thrice) (D:3)
  9 orc wizards
  A hound skeleton (D:5)
  3 howler monkey zombies (D:8)
  Robin (D:2)
  12 adders
  11 gnolls
  2 shadow imps
  2 white imps
  2 worms
  4 dart slugs
  50 orcs
  18 endoplasms
  4 giant cockroaches
  11 goblins
  10 hobgoblins
  6 jackals
  4 quokkas
  6 ball pythons
  4 bats
  3 frilled lizards
  A jackal skeleton (D:4)
  32 kobolds
  3 rats
307 creatures vanquished.

Vanquished Creatures (others)
  A wizard (D:9)
  8 fungi (D:3)
  6 toadstools (D:3)
15 creatures vanquished.

Grand Total: 322 creatures vanquished

Notes
Turn   | Place    | Note
-------+----------+-------------------------------------------
     0 | D:1      | protoss039 the Deep Elf Air Elementalist began the quest
                  | for the Orb.
     0 | D:1      | Reached XP level 1. HP: 10/10 MP: 6/6
   322 | D:1      | Reached XP level 2. HP: 15/15 MP: 6/8
   643 | D:1      | Learned a level 2 spell: Static Discharge
   730 | D:2      | Reached XP level 3. HP: 5/19 MP: 2/9
  1077 | D:2      | Noticed Robin
  1083 | D:2      | Killed Robin
  1230 | D:2      | Reached XP level 4. HP: 14/24 MP: 6/11
  1557 | D:2      | Reached skill level 4 in Spellcasting
  2142 | D:2      | Reached XP level 5. HP: 16/28 MP: 2/13
  2482 | D:2      | You fall into a shaft and drop 2 floors!
  2499 | D:4      | Learned a level 3 spell: Swiftness
  2504 | D:4      | Learned a level 4 spell: Airstrike
  2530 | D:4      | Noticed Sigmund
  2719 | D:3      | Found a faded altar of an unknown god.
  2850 | D:3      | Reached skill level 5 in Spellcasting
  3176 | D:3      | Reached XP level 6. HP: 31/32 MP: 6/15
  3637 | D:3      | Found a runed translucent door.
  3638 | D:3      | Noticed Crazy Yiuf
  3726 | D:3      | Noticed Natasha
  3730 | D:3      | Killed Natasha
  3788 | D:3      | Found a shimmering blue altar of Sif Muna.
  3794 | D:3      | Became a worshipper of Sif Muna the Loreminder
  3914 | D:3      | Killed Crazy Yiuf
  4117 | D:4      | Found Isiyczab's Magic Scroll Shoppe.
  4121 | D:4      | Bought a scroll of teleportation for 30 gold pieces
  4293 | D:4      | Noticed Blork the orc
  4295 | D:4      | Noticed Grinder
  4332 | D:3      | Noticed Natasha
  4339 | D:3      | Killed Natasha
  4484 | D:3      | Noticed Natasha
  4487 | D:3      | Killed Natasha
  4488 | D:3      | Reached skill level 5 in Air Magic
  4488 | D:3      | Reached skill level 1 in Invocations
  4565 | D:4      | Reached skill level 6 in Spellcasting
  4732 | D:4      | Killed Grinder
  4733 | D:4      | Reached skill level 1 in Fighting
  4733 | D:4      | Reached XP level 7. HP: 19/38 MP: 5/18
  4919 | D:4      | Killed Blork the orc
  5040 | D:4      | Killed Sigmund
  5041 | D:4      | Reached skill level 7 in Spellcasting
  5150 | D:4      | Reached XP level 8. HP: 33/44 MP: 20/20
  5527 | D:5      | Entered Level 5 of the Dungeon
  6560 | D:5      | Reached * piety under Sif Muna
  6561 | D:5      | Reached skill level 5 in Conjurations
  7001 | D:5      | Reached skill level 8 in Spellcasting
  7454 | D:6      | Noticed Pikel
  7552 | D:6      | Noticed Maggie
  7783 | D:6      | Noticed Eustachio
  8138 | D:6      | Killed Pikel
  8139 | D:6      | Reached skill level 9 in Spellcasting
  8139 | D:6      | Reached XP level 9. HP: 32/51 MP: 11/24
  8264 | D:6      | Killed Eustachio
  8510 | D:6      | Reached skill level 5 in Invocations
  8617 | D:6      | Killed Maggie
  8807 | D:6      | Found a staircase to the Ecumenical Temple.
  9690 | D:7      | Reached skill level 10 in Spellcasting
  9939 | D:7      | Noticed a two-headed ogre
  9942 | D:7      | Killed a two-headed ogre
  9943 | D:7      | Reached XP level 10. HP: 57/57 MP: 13/26
 10015 | D:7      | Noticed Joseph
 10024 | D:7      | Killed Joseph
 10217 | D:7      | Found a broken altar of Ashenzari.
 10739 | D:8      | Reached ** piety under Sif Muna
 11406 | D:8      | Reached skill level 11 in Spellcasting
 11797 | D:8      | Learned a level 3 spell: Mephitic Cloud
 11868 | D:9      | Found an ancient bone altar of Kikubaaqudgha.
 11872 | D:9      | Found a basalt altar of Yredelemnul.
 11875 | D:9      | Found a sparkling altar of Nemelex Xobeh.
 11875 | D:9      | Found a hazy altar of Hepliaklqana.
 11882 | D:9      | Found a hide-covered altar of Uskayaw.
 11947 | D:9      | Reached skill level 1 in Poison Magic
 12650 | D:9      | Reached *** piety under Sif Muna
 12656 | D:9      | Reached skill level 5 in Fighting
 12916 | D:9      | Found a bloodstained altar of Trog.
 12918 | D:9      | Noticed a wizard
 12924 | D:9      | Killed a wizard
 13400 | D:10     | Entered Level 10 of the Dungeon
 13406 | D:10     | Reached skill level 12 in Spellcasting
 13411 | D:10     | Reached XP level 11. HP: 24/63 MP: 9/29
 14715 | D:10     | Found an iron altar of Okawaru.
 14739 | D:10     | Found a white marble altar of Elyvilon.
 14741 | D:10     | Found a glowing silver altar of Zin.
 14744 | D:10     | Found a glowing golden altar of the Shining One.
 15169 | D:11     | HP: 1/64 [yak (14)]
 15584 | D:11     | Reached **** piety under Sif Muna
 15587 | D:11     | Noticed Maurice
 15588 | D:11     | Noticed Snorg
 15590 | D:11     | Noticed Erica
 15591 | D:11     | Noticed a sun demon
 15989 | D:11     | Reached skill level 13 in Spellcasting
 16151 | D:11     | Mangled by Snorg

Illustrated notes

Levels and vault maps discovered:
D:1:      minmay_arrival_diagonal_passages, layout_rooms
D:2:      layout_basic, minmay_pentomino_v4, uniq_robin
D:3:      cheibrodos_fertilizer, layout_rooms, kennysheep_orc_sif_temple,
          basic_ecumenical_altar, feat_on_display, uniq_natasha,
          uniq_crazy_yiuf_cottage
D:4:      layout_cave_pools, serial_shops, nicolae_shop_hallway_stairs,
          minivault_4, minmay_statues_item, uniq_blork_the_orc, uniq_sigmund,
          uniq_grinder
D:5:      layout_basic, kennysheep_pointless_box
D:6:      layout_cave_pools, temple_doors_e, serial_rivers,
          chequers_serial_rivers_small_a, chequers_serial_rivers_marsh,
          chequers_serial_rivers_small_b, chequers_serial_rivers_micro_a,
          chequers_serial_rivers_room_b, chequers_serial_rivers_small_a,
          hangedman_decor_diamond_cutter, uniq_eustachio, uniq_maggie,
          uniq_pikel
D:7:      layout_cave_pools, mainiacjoe_overflow_paths, uniq_joseph
D:8:      layout_basic
D:9:      layout_gridville, trog_wizard, nicolae_overflow_hallway_of_the_gods
D:10:     layout_big_octagon, good_gods_mini_temple,
          mainiacjoe_overflow_alcove_2
D:11:     layout_cave_pools, lair_entry_dummy, enter_trove_5, corner_web_ring,
          uniq_erica, uniq_snorg, uniq_maurice

Skill      XL: |  1  2  3  4  5  6  7  8  9 10 11 |
---------------+----------------------------------+-----
Stealth        | 3 |  3.0
Dodging        | 3 |  3.0
Spellcasting   | 4 5 6 7 9 10 12 13 | 13.1
Conjurations   | 2 3 4 6 7 8 |  8.2
Air Magic      | 4 5 6 7 8 9 |  9.6
Invocations    | 1 2 4 5 7 |  7.7
Fighting       | 1 3 4 5 |  5.6
Poison Magic   | 2 3 |  3.0

Action                   |  1- 3 |  4- 6 |  7- 9 | 10-12 || total
-------------------------+-------+-------+-------+-------++-------
Melee: Staff             |       |    32 |     3 |       ||    35
       Dagger            |       |    11 |       |       ||    11
       Scythe            |       |       |    45 |    15 ||    60
 Cast: Shock             |    49 |   110 |   116 |    74 ||   349
       Static Discharge  |     4 |    46 |    76 |    90 ||   216
       Swiftness         |       |     1 |     4 |     6 ||    11
       Airstrike         |       |     1 |     7 |    58 ||    66
       Mephitic Cloud    |       |       |       |     7 ||     7
  Use: Scroll            |       |     3 |     3 |     5 ||    11
       Potion            |       |       |       |     1 ||     1
 Stab: Sleeping          |       |       |     3 |     1 ||     4
Armor: Robe              |     3 |    14 |    33 |       ||    50
       Steam dragon scal |       |       |     4 |    20 ||    24
Dodge: Dodged            |     8 |    77 |   129 |    95 ||   309
       Repelled          |       |       |     1 |     1 ||     2
